 Dungeon Crawl Stone Soup version 0.30.1 (webtiles) character file.

Game seed: 1813541707600429990

26841 oldmanjim the Thaumaturge (level 13, 0/81 (96) HPs)
             Began as a Djinni Conjurer on May 18, 2023.
             Was a High Priest of Makhleb.
             Killed from afar by a necromancer (27 damage)
             ... with a bolt of negative energy
             ... on level 4 of the Lair of Beasts on July 4, 2023.
             The game lasted 03:02:09 (16112 turns).

oldmanjim the Thaumaturge (Djinni Conjurer)        Turns: 16112, Time: 03:02:09

HP:   0/81 (96)     AC:  8    Str:  8    XL:     13   Next: 61%
Gold: 1032          EV: 17    Int: 27    God:    Makhleb [*****.] SH:  7 Dex: 19

rFire   + + +        c - staff of fire
rCold   + . .        G - +0 buckler
rNeg    . . .        O - +0 troll leather armour
rPois   ∞            y - +0 hat {Int+3}
rElec   +            q - +0 cloak of Ynelo {rPois rC+}
rCorr   .            k - +2 pair of gloves
SInv    .            (boots unavailable)
Will    ++...        a - amulet of Zacino {rElec Regen+ Dex+4}
Stlth   ++           s - +6 ring of dexterity
HPRegen 1.93/turn    x - ring of Aciol {Fly rC+ Will+ Str+2 Dex-4}
MPRegen 0.00/turn

%: infuse magic (-1 HP)
@: flying, heavily drained
A: sickness immunity, fire resistance 2, cold vulnerability 1, float, innate
caster, HP casting, extra vitality 1
a: Renounce Religion, Minor Destruction, Lesser Servant of Makhleb, Major
Destruction, Greater Servant of Makhleb


You were on level 4 of the Lair of Beasts.
You worshipped Makhleb.
Makhleb was extremely pleased with you.
You visited 3 branches of the dungeon, and saw 15 of its levels.
You also visited: Ossuary and Gauntlet.

You collected 1032 gold pieces.

Inventory:

Hand Weapons
 A - the +2 war axe of Weunimn {flame, rElec rF- rN+++ Int-5}
   (You found it on level 10 of the Dungeon)

   Int:       It affects your intelligence (-5).
   rF:        It makes you vulnerable to fire.
   rElec:     It insulates you from electricity.
   rN:        It renders you almost immune to negative energy.
Missiles
 d - 20 stones
 i - 22 poisoned darts (quivered)
 z - 6 silver javelins
 B - 2 datura-tipped darts
 F - 2 throwing nets
Armour
 k - a +2 pair of gloves (worn)
 q - the +0 cloak of Ynelo (worn) {rPois rC+}
   (You found it in a Gauntlet)

   rC:        It protects you from cold.
   rPois:     It protects you from poison.
 y - a +0 hat of intelligence (worn)
 G - a +0 buckler (worn)
 O - a +0 troll leather armour (worn)
Magical Staves
 c - a staff of fire (weapon)
Jewellery
 a - the amulet of Zacino (around neck) {rElec Regen+ Dex+4}
   (You found it in a Gauntlet)

   [amulet of regeneration]

   Dex:       It affects your dexterity (+4).
   rElec:     It insulates you from electricity.
   Regen:     It increases your rate of health regeneration.
 h - a +6 ring of strength
 s - a +6 ring of dexterity (left hand)
 x - the ring of Aciol (right hand) {Fly rC+ Will+ Str+2 Dex-4}
   (You found it in a Gauntlet)

   [ring of willpower]

   Str:       It affects your strength (+2).
   Dex:       It affects your dexterity (-4).
   rC:        It protects you from cold.
   Fly:       It grants you flight.
   Will:      It increases your willpower.
 V - a ring of ice
 Z - a +4 ring of slaying
Wands
 u - a wand of flame (40)
 C - a wand of digging (3)
 E - a wand of iceblast (25)
 I - a wand of polymorph (2)
 T - a wand of quicksilver (10)
 X - a wand of mindburst (9)
 Y - a wand of paralysis (13)
Scrolls
 b - 12 scrolls of teleportation
 f - 5 scrolls of magic mapping
 n - 3 scrolls of enchant armour
 o - 2 scrolls of vulnerability
 H - 3 scrolls of fear
 K - a scroll of fog
 L - 2 scrolls of blinking
 M - 2 scrolls of torment
 S - a scroll of summoning
Potions
 e - 3 potions of might {unknown}
 j - 4 potions of brilliance
 l - a potion of invisibility {unknown}
 m - 4 potions of haste
 p - 5 potions of heal wounds
 r - 13 potions of curing
 t - 2 potions of berserk rage {unknown}
 v - 2 potions of attraction {unknown}
 J - 2 potions of ambrosia {unknown}
 N - 2 potions of cancellation {unknown}
 P - 3 potions of mutation {unknown}
 Q - 3 potions of resistance {unknown}
 R - 6 potions of lignification


   Skills:
 - Level 10.0 Fighting
 - Level 10.0 Dodging
 - Level 1.5 Stealth
 - Level 8.0 Shields
 + Level 10.9 Spellcasting
 - Level 8.0 Invocations
 + Level 4.1 Evocations


You knew the following spells:

 Your Spells              Type           Power      Damage    Failure   Level
a - Magic Dart            Conj           100%       1d8       1%          1
b - Searing Ray           Conj           100%       2d8       1%          2
c - Dazzling Flash        Conj/Hex       100%       N/A       1%          3
d - Fulminant Prism       Conj/Hex       32%        3d15      1%          4
e - Iskenderun's Mystic   Conj/Tloc      65%        2d13      1%          4
f - Freeze                Ice            100%       1d10      1%          1
g - Wereblood             Tmut           65%        N/A       1%          2
h - Portal Projectile     Hex/Tloc       100%       N/A       1%          3
i - Swiftness             Air            65%        N/A       1%          3
j - Yara's Violent Unrav  Hex/Tmut       32%        3d13      2%          5
k - Freezing Cloud        Conj/Ice/Air   32%        6-21      2%          5
Your spell library was empty.

Dungeon Overview and Level Annotations

Branches:
Dungeon (10/15)            Temple (1/1) D:5            Lair (4/5) D:10
 Shoals (0/4) Lair:2       Spider (0/4) Lair:3        Slime (0/5) Lair:4
    Orc (0/2) D:9         Ossuary (visited)         Gauntlet (visited)

Altars:
Ashenzari
Cheibriados
Dithmenos
Elyvilon
Fedhas
Gozag
Hepliaklqana
Makhleb
Nemelex Xobeh
Okawaru
Qazlal
Ru
Trog
Uskayaw
Wu Jian
Xom
Yredelemnul
Zin
The Shining One
Jiyva

Shops:
D:6 (

Annotations:
D:3 Dowan, Duvessa
D:4 Natasha
D:6 1 runed translucent door, exclusion: door, math4jedi's ghost, novice MiBe
D:10 exclusion: obsidian statue


Innate Abilities, Weirdness & Mutations

You are immune to sickness and miasma.
You are immune to poison.
Your flesh is very heat resistant. (rF++)
You are vulnerable to cold. (rC-)
You float through the air rather than walking.
You learn spells naturally, not from books.
Your magical power is your life essence.
You have superior vitality. (+4 MHP)


Message History

You erupt in a blast of force!
The mystic blast hits the yak simulacrum.
The yak simulacrum is lightly damaged.
The yak simulacrum is knocked back by the mystic blast.
The yak simulacrum collides with the necromancer!
The necromancer shouts!
The necromancer is lightly wounded.
The yak simulacrum is moderately damaged.
The mystic blast hits the plant!
The plant begins to die.
The plant is lightly damaged.
The necromancer gestures at you while chanting.
The bolt of negative energy hits you!!
You feel drained.
Casting: Iskenderun's Mystic Blast (mildly dangerous; 1% risk of failure)
Confirm with . or Enter, or press ? or * to list all spells.
Aiming: Freezing Cloud (dangerous; 2% risk of failure)
Press: ? - help, Dir - move target The necromancer is engulfed in freezing vapours.
The necromancer gestures wildly while chanting.
The necromancer binds the souls of nearby monsters.
A nearby plant withers and dies.
Casting: Freezing Cloud (dangerous; 2% risk of failure)
Confirm with . or Enter, or press ? or * to list all spells.
Aiming: Fulminant Prism (mildly dangerous; 1% risk of failure)
Press: ? - help, Dir - move target You conjure a prism of explosive energy!
A fulminant prism comes into view.
The necromancer points at you and mumbles some strange words.
The bolt of negative energy hits your fulminant prism.
Your fulminant prism completely resists.
The bolt of negative energy hits you!!!
You feel drained.
* * * LOW HITPOINT WARNING * * *
Your fulminant prism crackles loudly.
A wolf simulacrum comes into view.
The necromancer casts a spell at you.
The bolt of negative energy hits the yak simulacrum.
The yak simulacrum completely resists.
The bolt of negative energy hits your fulminant prism.
Your fulminant prism completely resists.
The bolt of negative energy hits you!!
You feel drained.
You die...

.............P.....#.##..#.?.....
.....†...####.....#...##.........
........## #.....#....#.......<.
........# #...........P........
#.......# #....................
#......## ##........######......
.#......# #.....P⌠..pZ§§.#......
##......## ##.....*Z.#....#......
.........# #....@##### Zp.#......
........## #.....# ..#......
#........# #.....# ##......
#........# #.....# #......
#........# #.....##########......
#P......## #.....................
##......# ##.............#.......
##......###............##........
#P......##..............##P......


You could see a necromancer (ally target), a wolf simulacrum, a yak simulacrum
and a friendly fulminant prism.

Vanquished Creatures
  Gastronok (D:9)
  A minotaur (Gauntlet)
  Erica (D:9)
  A hell beast (Gauntlet)
  2 two-headed ogres (D:10)
  2 death scarabs (Gauntlet)
  2 skysharks
  A spectral death yak (Gauntlet)
  Pikel (D:4)
  An ugly thing (D:9)
  3 black mambas
  5 cane toads
  6 komodo dragons
  A rime drake (Lair:3)
  4 trolls
  A snapping turtle (Lair:2)
  3 slime creatures (Lair:4)
  Sigmund (D:4)
  A culicivora (Lair:3)
  A spectral black mamba (Gauntlet)
  2 wraiths (D:10)
  17 yaks
  2 wyverns
  Grum (D:8)
  A steam dragon (D:8)
  4 vampire mosquitoes (D:9)
  Eustachio (D:6)
  2 basilisks
  A spectral cane toad (Gauntlet)
  Edmund (D:4)
  2 hell hounds (Gauntlet)
  8 water moccasins
  A spectral torpor snail (Gauntlet)
  2 ice beasts
  5 orc warriors
  A sky beast (D:7)
  2 ogres
  18 wolves
  5 centaurs
  A phantom (D:5)
  3 lemures
  2 kobold brigands
  4 scorpions
  2 elf skeletons (D:6)
  16 bullfrogs
  13 wights
  20 killer bees
  7 howler monkeys
  5 electric eels (Lair:1)
  2 lava snakes (Lair:1)
  A human zombie (D:6)
  Crazy Yiuf (D:3)
  3 gnoll boudas
  3 hounds
  A jelly (Lair:4)
  A human skeleton (D:6)
  2 iguanas
  2 sleepcaps
  Jessica (D:3)
  Natasha (D:4)
  5 orc wizards
  8 mummies (Ossuary)
  Robin (D:3)
  10 adders
  11 gnolls
  A shadow imp (D:7)
  2 white imps
  An ufetubus (D:5)
  3 dart slugs (D:1)
  11 orcs
  3 ball pythons
  5 bats
  3 endoplasms
  2 giant cockroaches
  15 goblins
  8 hobgoblins
  A jackal (D:2)
  8 kobolds
  2 quokkas
  5 frilled lizards
  3 hobgoblin zombies (Ossuary)
  2 kobold zombies (Ossuary)
  2 orc skeletons (D:6)
  3 orc zombies (Ossuary)
  5 rats
326 creatures vanquished.

Vanquished Creatures (others)
  238 fulminant prisms
238 creatures vanquished.

Grand Total: 564 creatures vanquished

Notes
Turn   | Place    | Note
-------+----------+-------------------------------------------
     0 | D:1      | oldmanjim the Djinni Conjurer began the quest for the Orb.
     0 | D:1      | oldmanjim set off with the following spells memorised:
                  | Magic Dart, Searing Ray, Dazzling Flash, Fulminant Prism,
                  | Iskenderun's Mystic Blast.
     0 | D:1      | Reached XP level 1. HP: 15/15 MP: 0/0
   137 | D:1      | Reached XP level 2. HP: 20/22 MP: 0/0
   267 | D:1      | Found a burning altar of Makhleb.
   275 | D:1      | Became a worshipper of Makhleb the Destroyer
   305 | D:1      | Reached skill level 1 in Fighting
   364 | D:1      | Reached XP level 3. HP: 25/27 MP: 0/0
   364 | D:1      | Learned a level 1 spell: Freeze
   929 | D:2      | Found a glowing silver altar of Zin.
  1207 | D:2      | Reached XP level 4. HP: 28/33 MP: 0/0
  1811 | D:3      | Reached * piety under Makhleb
  1814 | D:3      | Noticed Robin
  1825 | D:3      | Killed Robin
  1826 | D:3      | Reached XP level 5. HP: 23/38 MP: 0/0
  1826 | D:3      | Learned a level 2 spell: Wereblood
  2053 | D:3      | Noticed Jessica
  2058 | D:3      | Killed Jessica
  2462 | D:3      | Found a runed translucent door.
  2463 | D:3      | Noticed Crazy Yiuf
  2625 | D:4      | Noticed an ogre
  2631 | D:4      | Killed an ogre
  2632 | D:4      | Reached XP level 6. HP: 42/46 MP: 0/0
  2663 | D:4      | Noticed Pikel
  3023 | D:4      | Noticed Natasha
  3028 | D:4      | Killed Natasha
  3198 | D:4      | Identified the +0 ring mail of the Stonemason {rElec}
  3208 | D:4      | Noticed Edmund
  3211 | D:4      | Noticed Sigmund
  3265 | D:3      | Killed Crazy Yiuf
  3406 | D:4      | Killed Sigmund
  3407 | D:4      | Reached skill level 5 in Dodging
  3407 | D:4      | Reached XP level 7. HP: 40/50 MP: 0/0
  3407 | D:4      | Learned a level 3 spell: Portal Projectile
  3413 | D:4      | Noticed Dowan
  3418 | D:4      | Noticed Duvessa
  3739 | D:4      | Killed Edmund
  3740 | D:4      | Reached skill level 5 in Spellcasting
  3890 | D:4      | Identified the +0 robe of Soft Leaves {Int+3}
  4098 | D:4      | Killed Pikel
  4099 | D:4      | Reached XP level 8. HP: 38/56 MP: 0/0
  4102 | D:4      | Noticed Natasha
  4522 | D:4      | Reached ** piety under Makhleb
  4734 | D:5      | Entered Level 5 of the Dungeon
  4761 | D:5      | Reached XP level 9. HP: 57/60 MP: 0/0
  4761 | D:5      | Learned a level 3 spell: Swiftness
  4761 | D:5      | Upgraded the game from 0.30.0-15-g856e2d3f33 to
                  | 0.30.0-16-gbe6223bb7e
  4877 | D:5      | Found a broken altar of Ashenzari.
  5196 | D:5      | Reached skill level 1 in Invocations
  5281 | D:5      | Found a burning altar of Makhleb.
  5378 | D:5      | Found a staircase to the Ecumenical Temple.
  5384 | Temple   | Entered the Ecumenical Temple
  5560 | D:5      | Found a blossoming altar of Fedhas.
  5682 | D:5      | Upgraded the game from 0.30.0-16-gbe6223bb7e to
                  | 0.30.0-19-g36f170ea60
  5688 | D:6      | Noticed Eustachio
  5800 | D:6      | Found a sand-covered staircase.
  5889 | Ossuary  | Entered an ossuary
  6322 | D:6      | Reached *** piety under Makhleb
  6481 | D:6      | Found a runed translucent door.
  6483 | D:6      | Noticed math4jedi's ghost (novice MiBe)
  6583 | D:6      | Found Eddanemn's Antique Weapon Shoppe.
  6900 | D:6      | Killed Eustachio
  6901 | D:6      | Reached skill level 5 in Fighting
  7014 | D:7      | Reached XP level 10. HP: 49/70 MP: 0/0
  7292 | D:7      | Reached skill level 5 in Invocations
  7515 | D:7      | Found a snail-covered altar of Cheibriados.
  7525 | D:7      | Found a glowing golden altar of the Shining One.
  7597 | D:7      | Found a hide-covered altar of Uskayaw.
  7641 | D:7      | Found a bloodstained altar of Trog.
  7833 | D:8      | Reached skill level 1 in Shields
  8301 | D:8      | Found a hazy altar of Hepliaklqana.
  8415 | D:8      | Noticed Grum
  8447 | D:8      | Killed Grum
  8492 | D:8      | Reached **** piety under Makhleb
  8901 | D:8      | Found an iron altar of Okawaru.
  8910 | D:8      | Upgraded the game from 0.30.0-19-g36f170ea60 to
                  | 0.30.0-20-g3b4254fcbd
  8910 | D:8      | Upgraded the game from 0.30.0-20-g3b4254fcbd to
                  | 0.30.0-29-ga12c61a403
  8946 | D:9      | Found a staircase to the Orcish Mines.
  8970 | D:9      | Noticed Gastronok
  9026 | D:9      | Killed Gastronok
  9027 | D:9      | Reached skill level 5 in Shields
  9027 | D:9      | Reached XP level 11. HP: 21/79 MP: 0/0
  9027 | D:9      | Learned a level 5 spell: Yara's Violent Unravelling
  9443 | D:9      | Noticed a brown ugly thing
  9463 | D:9      | Killed a brown ugly thing
  9832 | D:9      | Found a sacrificial altar of Ru.
 10013 | D:9      | Noticed Erica
 10027 | D:9      | Killed Erica
 10463 | D:10     | Entered Level 10 of the Dungeon
 10469 | D:10     | Reached ***** piety under Makhleb
 10506 | D:10     | Found a staircase to the Lair.
 10685 | D:10     | Identified the +2 war axe of Weunimn {flame, rElec rF-
                  | rN+++ Int-5}
 10766 | D:10     | Noticed a two-headed ogre
 10779 | D:10     | Noticed a two-headed ogre
 10786 | D:10     | Killed a two-headed ogre
 10817 | D:10     | Killed a two-headed ogre
 11034 | D:10     | Reached XP level 12. HP: 82/88 MP: 0/0
 11635 | D:10     | Upgraded the game from 0.30.0-29-ga12c61a403 to
                  | 0.30.0-30-g96aa6591b8
 11635 | D:10     | Upgraded the game from 0.30.0-30-g96aa6591b8 to 0.30.1
 11636 | Lair:1   | Entered Level 1 of the Lair of Beasts
 12980 | Lair:2   | Noticed a skyshark
 13017 | Lair:2   | Reached skill level 10 in Spellcasting
 13020 | Lair:2   | Killed a skyshark
 13598 | Lair:2   | Found a staircase to the Shoals.
 13849 | Lair:3   | Found a gate leading to a gauntlet.
 13858 | Gauntlet | Entered a Gauntlet
 13858 | Gauntlet | Noticed a hell beast
 13858 | Gauntlet | Found a transporter.
 13858 | Gauntlet | Found a transporter.
 13912 | Gauntlet | Found a transporter.
 13915 | Gauntlet | Found a transporter.
 13915 | Gauntlet | Found a transporter.
 13918 | Gauntlet | Noticed a fire crab
 13918 | Gauntlet | Noticed a death scarab
 13919 | Gauntlet | Noticed a death scarab
 13929 | Gauntlet | Found a transporter.
 13990 | Gauntlet | Found a transporter.
 14005 | Gauntlet | Found a transporter.
 14015 | Gauntlet | Found a transporter.
 14025 | Gauntlet | Found a transporter.
 14040 | Gauntlet | Found a transporter.
 14046 | Gauntlet | Found a transporter.
 14331 | Gauntlet | Killed a hell beast
 14338 | Gauntlet | Identified the +0 cloak of Ynelo {rPois rC+}
 14353 | Gauntlet | Identified the amulet of Zacino {rElec Regen+ Dex+4}
 14397 | Gauntlet | Killed a death scarab
 14400 | Gauntlet | Killed a death scarab
 14401 | Gauntlet | Reached XP level 13. HP: 81/94 MP: 0/0
 14401 | Gauntlet | Learned a level 5 spell: Freezing Cloud
 14411 | Gauntlet | Identified the ring of Aciol {Fly rC+ Will+ Str+2 Dex-4}
 14430 | Gauntlet | Identified the +4 lajatang of Chagrin {flame, rPois Int+4}
 14430 | Gauntlet | Noticed a minotaur
 14440 | Gauntlet | Killed a minotaur
 14464 | Gauntlet | Identified the +8 falchion of Ifrer {spect, rCorr}
 14634 | Lair:3   | Reached skill level 10 in Dodging
 14655 | Lair:3   | Reached skill level 1 in Evocations
 14730 | Lair:3   | Reached skill level 10 in Fighting
 14796 | Lair:3   | Found a hole to the Spider Nest.
 15520 | Lair:4   | Found a staircase to the Slime Pits.
 15521 | Lair:4   | Found a viscous altar of Jiyva.
 15813 | Lair:4   | Reached ****** piety under Makhleb
 16112 | Lair:4   | Killed from afar by a necromancer

Illustrated notes

Levels and vault maps discovered:
D:1:      dpeg_arrival_water_altar, layout_basic, serial_park_tiny_1,
          minmay_misc_feat_ornament
D:2:      minmay_diamond_boxcup, layout_basic, serial_curves, eino_curves_02,
          eino_curves_03, basic_altar, corexii_shack,
          corexii_item_surrounded_by_moat
D:3:      layout_loops_cross, nicolae_sif_muna_condensation, corner_web_ring,
          uniq_jessica, uniq_crazy_yiuf_cottage, uniq_robin
D:4:      layout_loops_ring, uniq_natasha, uniq_duvessa, uniq_pikel,
          uniq_edmund, uniq_sigmund
D:5:      layout_basic, cheibrodos_ashenzari_chains, marbit_many_paths,
          lemuel_round_altar, minmay_temple_entry_enclosed_plants, fountainhead,
          dk_noncrumbling_4
D:6:      layout_basic, serial_shops, nicolae_lakefront_shop,
          nicolae_ossuary_entry_catacombs, ebering_ghost_inner_flame,
          uniq_eustachio
D:7:      layout_cave_pools, grunt_temple_overflow_open
D:8:      layout_basic, mainiacjoe_overflow_six_doors_small,
          lemuel_coloured_pillars_altar, uniq_grum
D:9:      layout_loops_corners, kiku_gazebo_garden_becter,
          nicolae_ru_the_path_less_chosen, orc_0_dummy, uniq_gastronok,
          uniq_erica
D:10:     layout_loops_ring, lair_entry_dummy, minivault_16,
          chequers_serial_rivers_small_b, minmay_fractal_squares_gapless_5
Temple:   compressed_dpeg_circular_temple
Lair:1:   layout_loops_ring, nicolae_lair_liquid_snakes, serial_bayou_shore_b
Lair:2:   layout_chaotic_city, minmay_shoals_entry_hut
Lair:3:   layout_regular_city, spider_nest_entry_rubble, gauntlet_entry_generic,
          st_stairs_8, chequers_serial_rivers_micro_d
Lair:4:   layout_hall_layers, minmay_slime_entry_pillars, eino_house_with_fridge

Skill      XL: |  1  2  3  4  5  6  7  8  9 10 11 12 13 |
---------------+----------------------------------------+-----
Fighting       | 1 2 3 5 7 8 9 10 | 10.0
Dodging        | 3 4 5 7 8 9 10 | 10.0
Spellcasting   | 4 6 7 8 9 10 | 10.9
Invocations    | 4 5 7 8 |  8.0
Shields        | 5 7 8 |  8.0
Evocations     | 4 |  4.1
Stealth        | |  1.5

Action                     |  1- 3 |  4- 6 |  7- 9 | 10-12 | 13-15 || total
---------------------------+-------+-------+-------+-------+-------++-------
  Melee: Dagger            |       |     8 |     3 |       |       ||    11
  Throw: Dart              |       |       |     1 |       |       ||     1
   Cast: Magic Dart        |    66 |    45 |    28 |    47 |    16 ||   202
         Searing Ray       |     4 |    15 |    30 |    42 |    11 ||   102
         Fulminant Prism   |       |    19 |    54 |   143 |    23 ||   239
         Iskenderun's Myst |       |     1 |     8 |    62 |    14 ||    85
         Dazzling Flash    |       |     1 |       |       |       ||     1
         Freezing Cloud    |       |       |       |       |    35 ||    35
         Yara's Violent Un |       |       |       |       |     1 ||     1
  Evoke: Wand              |       |       |     1 |       |     3 ||     4
    Use: Scroll            |       |     1 |     8 |    10 |       ||    19
 Armour: Robe              |     1 |       |     5 |     6 |       ||    12
         Skin              |       |       |     1 |       |       ||     1
         Steam dragon scal |       |       |       |     1 |       ||     1
         Troll leather arm |       |       |       |       |     1 ||     1
  Dodge: Dodged            |     6 |    16 |    68 |   114 |     6 ||   210
  Block: Buckler           |       |       |       |    31 |     1 ||    32
